 Dungeon Sprint DCSS version 0.18-a0-1788-g92de1ac (webtiles) character file.

290274 Kidiri the Unseen (level 13, 34/63 HPs)
             Began as a Spriggan Enchanter on Apr 19, 2016.
             Was the Champion of Dithmenos.
             Escaped with the Orb!
             The game lasted 00:28:15 (3234 turns).

Kidiri the Unseen (Spriggan Enchanter)              Turns: 3234, Time: 00:28:16

Health: 34/63      AC:  9    Str:  2    XL:     13   Next: 52%
Magic:  33/33      EV: 37    Int: 19    God:    Dithmenos [******]
Gold:   1574       SH:  0    Dex: 23    Spells: 9 memorised, 17 levels left

rFire  + . .     SeeInvis +     a - +1 dagger
rCold  + . .     Gourm    .     k - +2 robe of Inviolability {rElec MR+++ Str-2 Dex+4}
rNeg   + . .     Faith    .     (shield restricted)
rPois  .         Spirit   .     (helmet restricted)
rElec  +         Dismiss  .     l - +2 cloak {+Inv}
rCorr  .         Reflect  .     (gloves unavailable)
SustAt .         Harm     .     (boots unavailable)
MR     +++++     NoTele   +     D - amulet of magic regeneration
Stlth  ++++++....               c - ring of Gogryzan {rElec rF+ rC+ rN+}
                                E - ring of flight

@: wreathed by umbra, very quick, almost entirely resistant to hostile
enchantments, very stealthy
A: unfitting armour, rugged brown scales 1, see invisible, herbivore 3, speed 3,
frail 1, magic resistance 1, mutation resistance 1, slow regeneration 1, slow
metabolism 2
a: Shadow Step, Shadow Form, Renounce Religion, Evoke Invisibility, Evoke Flight
0: Orb of Zot


You escaped.
You worshipped Dithmenos.
Dithmenos was exalted by your worship.
You were not hungry.

You visited 1 branch You collected 3303 gold pieces.
You spent 1729 gold pieces at shops.

Inventory:

Hand Weapons
 a - a +1 dagger (weapon)
 f - a +0 dagger of distortion
Missiles
 b - 2 throwing nets (quivered)
Armour
 k - the +2 robe of Inviolability (worn) {rElec MR+++ Str-2 Dex+4}
   (You bought it in a shop in the Dungeon)

   It affects your strength (-2).
   It affects your dexterity (+4).
   It insulates you from electricity.
   It affects your resistance to hostile enchantments.
 l - a +2 cloak of invisibility (worn)
Jewellery
 c - the ring of Gogryzan (right hand) {rElec rF+ rC+ rN+}
   (You found it in the Dungeon)

   [ring of positive energy]

   It protects you from fire.
   It protects you from cold.
   It insulates you from electricity.
   It protects you from negative energy.
 i - a +3 ring of dexterity
 D - an amulet of magic regeneration (around neck)
 E - a ring of flight (left hand)
Scrolls
 q - 2 scrolls of remove curse {unknown}
 s - 3 scrolls of recharging {unknown}
 v - a scroll of amnesia
 x - a scroll of immolation {unknown}
 y - a scroll of fog {unknown}
 F - a scroll of enchant armour
Potions
 e - a potion of might
 g - 2 potions of haste
 h - 4 potions of magic
 m - 3 potions of resistance
 n - a potion of berserk rage
 p - a potion of flight
 r - 27 potions of mutation
 t - a potion of cancellation
 u - a potion of cure mutation
 z - a potion of agility
 A - a potion of lignification
 B - a potion of brilliance
 C - 3 potions of curing
 G - a potion of invisibility
Comestibles
 d - 5 bread rations


   Skills:
 + Level 8.2 Fighting
 * Level 14.6 Short Blades
 + Level 7.5 Armour
 * Level 18.4 Dodging
 * Level 19.8 Stealth
 * Level 15.8 Spellcasting
 + Level 7.3 Conjurations
 + Level 12.3 Hexes
 + Level 11.0 Transmutations
 + Level 8.0 Ice Magic
 + Level 8.0 Earth Magic
 - Level 5.0 Invocations
 + Level 9.0 Evocations


You had 17 spell levels left.
You knew the following spells:

 Your Spells              Type           Power        Failure   Level  Hunger
a - Corona                Hex            ######.      1%          1    None
b - Ensorcelled Hibernat  Hex/Ice        ######       1%          2    None
c - Confuse               Hex            ######..     1%          3    None
d - Tukima's Dance        Hex            ######..     1%          3    None
e - Dazzling Spray        Conj/Hex       ######..     1%          3    None
f - Passwall              Trmt/Erth      ######....   1%          2    None
g - Stone Arrow           Conj/Erth      #####.       1%          3    None
h - Petrify               Trmt/Erth      ######..     1%          4    None
i - Lee's Rapid Deconstr  Erth           #####.....   6%          5    ###....


Dungeon Overview and Level Annotations

Branches:
Dungeon (1/1)

Altars:
Cheibriados
Dithmenos
Elyvilon
Fedhas
Gozag
Kikubaaqudgha
Makhleb
Nemelex Xobeh
Okawaru
Pakellas
Qazlal
Ru
Sif Muna
Trog
Vehumet
Xom
Yredelemnul
Zin
The Shining One
Beogh
Jiyva
Lugonu

Shops:
D :%[=!!%[}[(:}=(?

Annotations:
D exclusions: oklob plant and orange crystal statue


Innate Abilities, Weirdness & Mutations

You are tiny and cannot use many weapons and most armour.
You have supernaturally acute eyesight.
You are a herbivore.
You cover ground extremely quickly.
You need consume almost no food.
You are partially covered in rugged brown scales (AC +1, +3% HP).
You are frail (-10% HP).
You are resistant to hostile enchantments.
You are somewhat resistant to further mutation.
You regenerate slowly when monsters are visible.


Message History

The orange demon is dazzled.
Your shadow mimicks your spell!
The shadow shard hits the orange demon.
You kill the orange demon!
Dithmenos accepts your kill.
Your Earth Magic skill increases to level 8!
There is an open door here.
You reach down and close the door.
Really fly into a travel-excluded area? [Y]es or [N]o only, please.
Really fly into a travel-excluded area?
You are starting to lose your buoyancy.
You reach down and open the door.
Unknown command.
There is an open door here.
You reach down and close the door.
You float gracefully downwards.
There is an open door here.
There is a staircase leading out of the dungeon here.
You have escaped!

##########≈≈#+++#+++#####.^..# ##
#########≈≈≈.........#[.+....# k#
....∩.∩.#≈≈≈≈.##+##..#..####.# k#
...∩.∩..#≈≈≈≈##.#.##.####..+.##.#
..∩.∩...#≈≈≈≈#.###.#....#..#...##
.⌠.∩....#≈≈####.#.####..#####..##
..∩.∩...#≈##.###'###.##..#..+..#.
...∩.∩..#≈#.).##.##..##..#..#..#.
....∩.∩.+≈+.#.'.@.'##.+..####..##
.....∩.∩#≈#:..##.##..##....###...
▓▓▓▓▓▓###≈##.###'###.##......≈≈≈≈
!$l######≈≈####.#.####§≈.....≈#+#
$.h#. ##≈≈≈#..#..#≈≈≈≈§§§..≈#_.
∩P$+$ #+#≈##.#.##≈≈≈≈≈≈§≈.≈#._


?h( $ #.#≈≈##+##≈≈§≈≈≈≈≈≈≈≈#_. ($. ####≈≈≈≈≈≈≈≈≈≈≈§≈§≈≈≈#._ #+
#+++#+++#§≈§≈≈≈§≈≈#.. There were no monsters in sight!

Vanquished Creatures
  A Hell Sentinel (D)
  A hellephant (D)
  3 quicksilver dragons (D)
  A deep elf blademaster (D)
  Murray (D)
  2 sphinxes (D)
  A kraken (D)
  A draconian shifter (D)
  A cacodemon (D)
  3 lorocyprocas (D)
  An iron elemental (D)
  Sonja (D)
  2 deep trolls (D)
  A giant orange brain (D)
  A harpy (D)
  12 shining eyes (D)
  An eye of devastation (D)
  A siren (D)
  A smoke demon (D)
  An orange demon (D)
  A yaktaur (D)
  2 boulder beetles (D)
  3 polar bears (D)
  3 slime creatures (D)
  6 flying skulls (D)
  2 redbacks (D)
  2 hippogriffs (D)
  Menkaure (D)
  10 giant eyeballs (D)
  A wasp (D)
  3 crocodiles (D)
  A scorpion (D)
  4 worker ants (D)
  A ballistomycete (D)
  2 tentacles (D)
79 creatures vanquished.

Vanquished Creatures (others)
  A crocodile (D)
  2 ballistomycetes (D)
  2 giant spores (D)
  2 tentacles (D)
  282 tentacle segments (D)
289 creatures vanquished.

Grand Total: 368 creatures vanquished

Notes
Turn   | Place    | Note
--------------------------------------------------------------
     0 | D        | Kidiri the Spriggan Enchanter began the quest for the Orb.
     0 | D        | Reached XP level 1. HP: 9/9 MP: 5/5
     1 | D        | Noticed a hippogriff
     1 | D        | Noticed a hippogriff
     4 | D        | Noticed a siren
     7 | D        | Noticed a boulder beetle
     7 | D        | Noticed a boulder beetle
    10 | D        | Noticed a worker ant
    10 | D        | Noticed a worker ant
    10 | D        | Noticed a worker ant
    10 | D        | Noticed a worker ant
    13 | D        | Killed a worker ant
    13 | D        | Reached skill level 1 in Fighting
    13 | D        | Reached skill level 5 in Stealth
    13 | D        | Reached XP level 2. HP: 14/14 MP: 5/7
    21 | D        | Reached skill level 1 in Armour
    21 | D        | Reached skill level 5 in Dodging
    21 | D        | Reached skill level 6 in Stealth
    21 | D        | Reached XP level 3. HP: 18/18 MP: 5/9
    32 | D        | Reached skill level 7 in Stealth
    32 | D        | Reached skill level 5 in Spellcasting
    32 | D        | Reached XP level 4. HP: 20/23 MP: 7/12
    37 | D        | Killed a crocodile
    38 | D        | Learned a level 2 spell: Ensorcelled Hibernation
    42 | D        | Learned a level 3 spell: Confuse
    46 | D        | Learned a level 3 spell: Tukima's Dance
    50 | D        | Learned a level 3 spell: Dazzling Spray
   156 | D        | Killed a hippogriff
   156 | D        | Reached skill level 5 in Short Blades
   156 | D        | Reached skill level 8 in Stealth
   156 | D        | Reached skill level 1 in Conjurations
   156 | D        | Reached skill level 5 in Hexes
   156 | D        | Reached skill level 1 in Ice Magic
   156 | D        | Reached XP level 5. HP: 27/27 MP: 12/14
   165 | D        | Killed a hippogriff
   165 | D        | Reached skill level 9 in Stealth
   165 | D        | Reached XP level 6. HP: 32/32 MP: 13/17
   228 | D        | Killed a siren
   228 | D        | Reached skill level 10 in Stealth
   228 | D        | Reached XP level 7. HP: 13/36 MP: 10/19
   434 | D        | Killed a boulder beetle
   438 | D        | Killed a boulder beetle
   438 | D        | Reached skill level 10 in Dodging
   438 | D        | Reached skill level 11 in Stealth
   552 | D        | Noticed an obsidian statue
   554 | D        | Noticed Menkaure
   566 | D        | Found Cobull's Jewellery Shop.
   566 | D        | Found Oposear's Antique Weapon Boutique.
   570 | D        | Killed Menkaure
   570 | D        | Reached XP level 8. HP: 42/42 MP: 18/21
   587 | D        | Noticed an orange crystal statue
   592 | D        | Found Myroad Hoist's Magic Scroll Shop.
   594 | D        | Found Tichuet's Gadget Boutique.
   594 | D        | Found Xom Qarr's Book Shop.
   595 | D        | Found Sex Wox's Antique Armour Shop.
   595 | D        | Found Ejeshroh's Gadget Boutique.
   604 | D        | Found Pijerey's Distillery.
   604 | D        | Found Mocwoekk's Distillery.
   606 | D        | Found Kaf Cuym's Antique Armour Shop.
   606 | D        | Found Eneik's Antique Armour Shop.
   606 | D        | Found Faif's Food Boutique.
   607 | D        | Found Asuinoah's Antique Weapon Shop.
   607 | D        | Found Anlaodd's Jewellery Boutique.
   607 | D        | Noticed a polar bear
   608 | D        | Found Caergh's Food Boutique.
   610 | D        | Noticed an oklob plant
   611 | D        | Found Fukh's Book Shoppe.
   613 | D        | Noticed a polar bear
   633 | D        | Bought a +3 ring of dexterity for 188 gold pieces
   637 | D        | Bought a faintly glowing robe for 96 gold pieces
   637 | D        | Bought a runed cloak for 76 gold pieces
   647 | D        | Identified the +2 robe of Inviolability {rElec MR+++ Str-2 Dex+4} (You bought it in a shop in the Dungeon)
   661 | D        | Bought a book of Geomancy for 385 gold pieces
   673 | D        | Learned a level 2 spell: Passwall
   677 | D        | Learned a level 3 spell: Stone Arrow
   682 | D        | Learned a level 4 spell: Petrify
   708 | D        | Found a shimmering altar of Xom.
   708 | D        | Found a basalt altar of Yredelemnul.
   709 | D        | Found an oddly glowing altar of Pakellas.
   709 | D        | Found a white marble altar of Elyvilon.
   710 | D        | Found a deep blue altar of Sif Muna.
   710 | D        | Found a sacrificial altar of Ru.
   710 | D        | Found a stormy altar of Qazlal.
   711 | D        | Found a burning altar of Makhleb.
   711 | D        | Found a bloodstained altar of Trog.
   711 | D        | Found an opulent altar of Gozag.
   712 | D        | Found a sparkling altar of Nemelex Xobeh.
   712 | D        | Found a shadowy altar of Dithmenos.
   712 | D        | Found an iron altar of Okawaru.
   713 | D        | Found an ancient bone altar of Kikubaaqudgha.
   713 | D        | Found a roughly hewn altar of Beogh.
   713 | D        | Found a glowing golden altar of the Shining One.
   714 | D        | Found a snail-covered altar of Cheibriados.
   714 | D        | Found a corrupted altar of Lugonu.
   717 | D        | Found a radiant altar of Vehumet.
   717 | D        | Found a blossoming altar of Fedhas.
   717 | D        | Found a glowing silver altar of Zin.
   717 | D        | Found a viscous altar of Jiyva.
   717 | D        | Noticed a polar bear
   718 | D        | Noticed a yaktaur
   726 | D        | Became a worshipper of Dithmenos the Shadowed
   734 | D        | Noticed a polar bear
   734 | D        | Noticed a polar bear
   735 | D        | Killed a polar bear
   735 | D        | Reached skill level 1 in Transmutations
   736 | D        | Killed a polar bear
   736 | D        | Reached skill level 12 in Stealth
   736 | D        | Reached skill level 1 in Earth Magic
   736 | D        | Reached skill level 1 in Invocations
   738 | D        | Reached * piety under Dithmenos
   739 | D        | Killed a polar bear
   745 | D        | Killed a yaktaur
   745 | D        | Reached skill level 10 in Spellcasting
   745 | D        | Reached XP level 9. HP: 21/46 MP: 14/24
   839 | D        | Noticed an iron elemental
   841 | D        | Killed an iron elemental
   841 | D        | Reached skill level 13 in Stealth
   995 | D        | Learned a level 5 spell: Lee's Rapid Deconstruction
   997 | D        | Reached ** piety under Dithmenos
  1000 | D        | Reached skill level 5 in Fighting
  1007 | D        | Noticed a deep elf master archer
  1018 | D        | Reached *** piety under Dithmenos
  1046 | D        | Noticed a death drake
  1058 | D        | Noticed a kraken
  1121 | D        | Noticed a deep troll
  1122 | D        | Noticed a deep troll
  1124 | D        | Killed a deep troll
  1124 | D        | Reached skill level 10 in Short Blades
  1124 | D        | Reached skill level 14 in Stealth
  1124 | D        | Reached skill level 5 in Transmutations
  1124 | D        | Reached XP level 10. HP: 51/51 MP: 26/26
  1126 | D        | Killed a deep troll
  1126 | D        | Reached **** piety under Dithmenos
  1147 | D        | Noticed a sphinx
  1148 | D        | Noticed a sphinx
  1158 | D        | Killed a sphinx
  1158 | D        | Reached skill level 5 in Armour
  1158 | D        | Reached skill level 5 in Ice Magic
  1164 | D        | Killed a sphinx
  1164 | D        | Reached skill level 15 in Stealth
  1164 | D        | Reached skill level 5 in Conjurations
  1164 | D        | Reached skill level 5 in Invocations
  1164 | D        | Reached XP level 11. HP: 40/56 MP: 11/28
  1405 | D        | Gained mutation: You are resistant to hostile enchantments. [potion of mutation]
  1405 | D        | Gained mutation: You are somewhat resistant to further mutation. [potion of mutation]
  1405 | D        | Gained mutation: You are partially covered in rugged brown scales (AC +1, +3% HP). [potion of mutation]
  1450 | D        | Killed a kraken
  1464 | D        | Noticed a giant orange brain
  1464 | D        | Noticed Sonja
  1465 | D        | Noticed a red draconian shifter
  1465 | D        | Noticed a hellephant
  1468 | D        | Killed Sonja
  1468 | D        | Reached skill level 16 in Stealth
  1468 | D        | Reached skill level 5 in Earth Magic
  1470 | D        | Killed a hellephant
  1470 | D        | Reached ***** piety under Dithmenos
  1470 | D        | Reached skill level 15 in Dodging
  1470 | D        | Reached skill level 10 in Hexes
  1471 | D        | Killed a giant orange brain
  1475 | D        | Killed a red draconian shifter
  1562 | D        | Bought a scroll of identify for 22 gold pieces
  1562 | D        | Bought a scroll of identify for 22 gold pieces
  1562 | D        | Bought a scroll of identify for 22 gold pieces
  1570 | D        | Bought a potion of heal wounds for 60 gold pieces
  1570 | D        | Bought a potion of agility for 48 gold pieces
  1570 | D        | Bought a potion of brilliance for 48 gold pieces
  1570 | D        | Bought a potion of heal wounds for 60 gold pieces
  1574 | D        | Bought a potion of curing for 33 gold pieces
  1574 | D        | Bought a potion of curing for 33 gold pieces
  1574 | D        | Bought a potion of curing for 33 gold pieces
  1574 | D        | Bought a potion of curing for 33 gold pieces
  1581 | D        | Bought an uncursed amulet of magic regeneration for 360 gold pieces
  1581 | D        | Bought an uncursed ring of flight for 210 gold pieces
  1708 | D        | Noticed a harpy
  1710 | D        | Noticed a deep elf blademaster
  1711 | D        | Killed a harpy
  1726 | D        | HP: 2/59 [deep elf blademaster/rapier (3)]
  2094 | D        | Reached skill level 17 in Stealth
  2370 | D        | Killed a deep elf blademaster
  2370 | D        | Reached skill level 5 in Evocations
  2370 | D        | Reached XP level 12. HP: 45/63 MP: 30/30
  2574 | D        | Gained mutation: You regenerate slowly when monsters are visible. [a shining eye]
  2766 | D        | Paralysed by a giant eyeball for 4 turns
  2767 | D        | Gained mutation: You are frail (-10% HP). [a shining eye]
  2849 | D        | Reached skill level 18 in Stealth
  2862 | D        | Reached ****** piety under Dithmenos
  2874 | D        | Got a slimy lapis lazuli ring
  2876 | D        | Identified the ring of Gogryzan {rElec rF+ rC+ rN+} (You found it in the Dungeon)
  2937 | D        | Noticed a lorocyproca
  2947 | D        | Killed a lorocyproca
  2980 | D        | Noticed a lorocyproca
  2980 | D        | Noticed a quicksilver dragon
  2982 | D        | Killed a lorocyproca
  2984 | D        | Killed a quicksilver dragon
  2984 | D        | Reached skill level 15 in Spellcasting
  2984 | D        | Reached skill level 10 in Transmutations
  3001 | D        | Noticed a quicksilver dragon
  3013 | D        | Killed a quicksilver dragon
  3013 | D        | Reached skill level 19 in Stealth
  3013 | D        | Reached XP level 13. HP: 63/63 MP: 28/33
  3039 | D        | Noticed a lorocyproca
  3039 | D        | Noticed a quicksilver dragon
  3043 | D        | Killed a lorocyproca
  3046 | D        | Killed a quicksilver dragon
  3070 | D        | Noticed Murray
  3073 | D        | Got the Orb of Zot
  3085 | D        | Noticed a Hell Sentinel
  3100 | D        | Killed Murray
  3108 | D        | Killed a Hell Sentinel
  3188 | D        | Noticed a cacodemon
  3195 | D        | Killed a cacodemon
  3234 | D        | Escaped with the Orb!

Vault maps used:
D:        the_violet_keep_of_menkaure

Skill      XL: |  1  2  3  4  5  6  7  8  9 10 11 12 13 |
---------------+----------------------------------------+-----
Fighting       | 1 2 3 4 5 6 7 8 |  8.2
Short Blades   | 2 3 4 5 6 7 8 10 11 12 14 | 14.6
Dodging        | 4 5 6 7 8 9 10 11 13 14 16 17 18 | 18.4
Stealth        | 5 6 7 8 9 10 11 12 14 15 17 19 | 19.8
Spellcasting   | 3 4 5 6 7 8 10 11 12 13 15 | 15.8
Hexes          | 4 5 6 7 8 9 10 11 12 | 12.3
Armour         | 1 2 3 4 5 6 7 |  7.5
Conjurations   | 1 2 3 4 5 6 7 |  7.3
Ice Magic      | 1 2 3 4 5 6 7 8 |  8.0
Transmutations | 3 5 6 8 10 11 | 11.0
Earth Magic    | 2 3 4 6 7 8 |  8.0
Invocations    | 2 3 5 |  5.0
Evocations     | 5 7 9 |  9.0

Action                   |  1- 3 |  4- 6 |  7- 9 | 10-12 | 13-15 || total
-------------------------+-------+-------+-------+-------+-------++-------
Melee: Dagger            |    14 |    28 |    34 |    64 |    23 ||   163
Throw: Throwing net      |       |       |       |     2 |     3 ||     5
 Cast: Confuse           |       |     5 |     1 |     8 |     3 ||    17
       Tukima's Dance    |       |     3 |       |       |       ||     3
       Ensorcelled Hiber |       |     1 |    10 |     4 |     1 ||    16
       Corona            |       |     1 |       |       |       ||     1
       Dazzling Spray    |       |       |     4 |    60 |    12 ||    76
Invok: Shadow Step       |       |       |       |     6 |     1 ||     7
 Abil: Evoke Flight      |       |       |       |     6 |     1 ||     7
       Evoke Invisibilit |       |       |       |     4 |       ||     4
  Use: Potion            |     2 |     1 |       |     8 |     3 ||    14
       Scroll            |       |       |       |    11 |     1 ||    12
 Stab: Sleeping          |     1 |     2 |    18 |    23 |     3 ||    47
       Distracted        |       |     1 |       |     2 |       ||     3
       Confused          |       |       |     1 |     5 |       ||     6
       Invisible         |       |       |     1 |     9 |     2 ||    12
       Held in net/web   |       |       |       |       |     5 ||     5
  Eat: Pizza             |       |       |       |     1 |       ||     1
       Fruit             |       |       |       |     3 |       ||     3
Armor: Robe              |     3 |       |       |     2 |     1 ||     6
Dodge: Dodged            |    13 |     6 |    13 |    82 |    20 ||   134
